 Dungeon Crawl Stone Soup version 0.18.1-50-g88ac8fd (webtiles) character file.

2009 hornydad6669 the Ducker (level 9, 89/89 HPs)
             Began as a Troll Berserker on Oct 30, 2016.
             Was an Elder of Trog.
             Starved to death
             ... on level 7 of the Dungeon.
             The game lasted 01:12:38 (4361 turns).

hornydad6669 the Ducker (Troll Berserker)           Turns: 4361, Time: 01:12:39

Health: 89/89      AC:  8    Str: 27    XL:     9   Next: 2%
Magic:  8/8        EV: 13    Int:  3    God:    Trog [****..]
Gold:   245        SH:  0    Dex: 12    Spells: 0 memorised, 8 levels left

rFire  . . .     SeeInvis .     a - +1 mace
rCold  . . .     Gourm    +     b - +1 animal skin
rNeg   . . .     Faith    .     (no shield)
rPois  .         Spirit   .     (helmet restricted)
rElec  .         Dismiss  .     i - +1 cloak {+Inv}
rCorr  +         Reflect  .     (gloves unavailable)
SustAt .         Harm     +     (boots unavailable)
MR     .....     Rnd*Rage +     n - amulet of harm
Stlth  +.........               d - ring of resist corrosion
                                (no ring)

@: fainting, not resistant to hostile enchantments, very unstealthy
A: unfitting armour, claws 3, berserk 2, fast metabolism 3, gourmand, mutation
resistance 1, regeneration 2, shaggy fur 1, tough skin 2
a: Berserk, Trog's Hand, Brothers in Arms, Burn Spellbooks, Renounce Religion,
Evoke Invisibility


You were on level 7 of the Dungeon.
You worshipped Trog.
Trog was greatly pleased with you.
You were fainting.

You visited 2 branches of the dungeon, and saw 8 of its levels.

You collected 245 gold pieces.

Inventory:

Hand Weapons
 a - a +1 mace (weapon)
 f - a +4 quarterstaff of chaos
 s - a +1 short sword of electrocution
Missiles
 g - 131 stones (quivered)
 h - 2 needles of frenzy
 m - 21 poisoned needles
Armour
 b - a +1 animal skin (worn)
 i - a +1 cloak of invisibility (worn)
Jewellery
 d - a ring of resist corrosion (right claw)
 l - an uncursed ring of ice
 n - an amulet of harm (around neck)
Wands
 u - a wand of lightning (7/15)
 w - a wand of lightning (8/15)
Scrolls
 e - 3 scrolls of fear
 j - 2 scrolls of recharging
 k - 2 scrolls of teleportation
 o - 2 scrolls of remove curse
 q - a scroll of identify
 t - a scroll of magic mapping {unknown}
 v - a scroll of enchant weapon
Potions
 c - 2 potions of heal wounds
 p - a potion of berserk rage {unknown}
 r - 2 potions of curing
 x - a potion of flight


   Skills:
 * Level 5.8 Fighting
 * Level 6.2 Maces & Flails
 - Level 0.8(3.6) Staves
 + Level 6.9 Dodging


You had 8 spell levels left.
You didn't know any spells.

Dungeon Overview and Level Annotations

Branches:
Dungeon (7/15)             Temple (1/1) D:4

Altars:
Ashenzari
Elyvilon
Fedhas
Kikubaaqudgha
Makhleb
Okawaru
Pakellas
Qazlal
Trog
Vehumet
Xom
Yredelemnul
Zin
The Shining One


Innate Abilities, Weirdness & Mutations

You are too large for most types of armour.
You have claws for hands.
Your metabolism is lightning-fast.
You like to eat raw meat.
You heal very quickly.
You are covered in fur (AC +1).
You have very tough skin (AC +2).
You often lose your temper in combat.
You are somewhat resistant to further mutation.


Message History

The crimson imp blinks!
Found 17 bolts.
You hit the crimson imp but do no damage.
The crimson imp barely misses you.
You thump the crimson imp!
You kill the crimson imp!
Trog accepts your kill.
You now have 245 gold pieces (gained 16).
Found a stone staircase leading down.
A giant gecko zombie comes into view.
The giant gecko zombie moves out of view.
Found 24 arrows.
Found 6 gold pieces.
You barely miss the giant gecko zombie.
The giant gecko zombie barely misses you.
You barely miss the giant gecko zombie.
The giant gecko zombie bites you but does no damage.
You hit the giant gecko zombie but do no damage.
You have starved to death.
You die...

$. .. #. #.####
#.... ... #Z#
###.##@########
..........(...>#
#######.#.######
#.#.#
#.#.######.
#.#....(...
#.#..######
.(#..# ###..#


You could see a giant gecko zombie.

Vanquished Creatures
  Grinder (D:3)
  Eustachio (D:6)
  A hippogriff (D:6)
  An ice beast (D:5)
  A phantom (D:6)
  A sky beast (D:6)
  3 centaurs
  2 ogres (D:6)
  A tengu (D:3)
  4 crimson imps
  A giant frog zombie (D:5)
  A quasit (D:6)
  Crazy Yiuf (D:2)
  A jelly (D:5)
  2 orc priests (D:3)
  A giant frog skeleton (D:4)
  An iguana (D:4)
  Ijyb (D:2)
  3 worker ants
  Natasha (thrice) (D:2)
  Terence (D:3)
  7 gnolls
  7 adders
  An ooze (D:1)
  An adder skeleton (D:3)
  A worm (D:4)
  6 giant geckos
  2 orcs (D:3)
  7 giant cockroaches
  7 goblins
  12 hobgoblins
  3 jackals (D:5)
  12 kobolds
  4 quokkas
  3 ball pythons
  3 bats
  7 giant newts
  A jackal zombie (D:5)
  A quokka zombie (D:6)
  7 rats
124 creatures vanquished.

Vanquished Creatures (others)
  A plant (D:4)
1 creature vanquished.

Grand Total: 125 creatures vanquished

Notes
Turn   | Place    | Note
--------------------------------------------------------------
     0 | D:1      | hornydad6669 the Troll Berserker began the quest for the Orb.
     0 | D:1      | Reached XP level 1. HP: 22/22 MP: 0/0
   127 | D:1      | Reached XP level 2. HP: 29/29 MP: 1/1
   451 | D:1      | Reached ** piety under Trog
   492 | D:1      | Reached XP level 3. HP: 33/36 MP: 2/2
   578 | D:2      | Noticed Natasha
   623 | D:2      | Noticed Ijyb
   632 | D:2      | Killed Ijyb
   637 | D:2      | Reached XP level 4. HP: 45/45 MP: 3/3
   723 | D:2      | Killed Natasha
   976 | D:2      | Noticed Crazy Yiuf
   983 | D:2      | Killed Crazy Yiuf
   983 | D:2      | Reached XP level 5. HP: 31/53 MP: 4/4
  1093 | D:2      | Noticed Natasha
  1100 | D:2      | Killed Natasha
  1294 | D:2      | Found a radiant altar of Vehumet.
  1334 | D:2      | Noticed Natasha
  1340 | D:2      | Killed Natasha
  1529 | D:3      | Noticed a centaur
  1601 | D:3      | Noticed a tengu
  1601 | D:3      | a centaur changed into a tengu
  1603 | D:3      | Killed a tengu
  1603 | D:3      | Reached XP level 6. HP: 42/62 MP: 5/5
  1742 | D:3      | Found a blossoming altar of Fedhas.
  1782 | D:3      | Reached *** piety under Trog
  1812 | D:3      | Noticed Grinder
  1824 | D:3      | Killed Grinder
  1824 | D:3      | Reached XP level 7. HP: 70/70 MP: 6/6
  1871 | D:3      | Noticed Terence
  1899 | D:3      | Killed Terence
  2000 | D:3      | Found a faded altar to an unknown god.
  2312 | D:4      | Found a staircase to the Ecumenical Temple.
  2318 | D:4      | Reached skill level 5 in Dodging
  2323 | Temple   | Entered the Ecumenical Temple
  2476 | D:4      | Gained mutation: You tend to lose your temper in combat. [potion of mutation]
  2476 | D:4      | Gained mutation: You often lose your temper in combat. [potion of mutation]
  2476 | D:4      | Gained mutation: You are somewhat resistant to further mutation. [potion of mutation]
  2984 | D:5      | Entered Level 5 of the Dungeon
  3170 | D:5      | Reached **** piety under Trog
  3275 | D:5      | Reached skill level 5 in Maces & Flails
  3459 | D:5      | Reached XP level 8. HP: 66/79 MP: 7/7
  3501 | D:5      | Reached skill level 5 in Fighting
  3704 | D:6      | Noticed Eustachio
  3738 | D:6      | Killed Eustachio
  4226 | D:6      | Reached XP level 9. HP: 76/89 MP: 8/8
  4322 | D:6      | Paralysed by fainting for 12 turns
  4339 | D:7      | Paralysed by fainting for 9 turns
  4361 | D:7      | Starved to death

Skill      XL: |  1  2  3  4  5  6  7  8 |
---------------+-------------------------+-----
Maces & Flails | 3 4 5 6 |  6.2
Fighting       | 3 4 5 |  5.8
Dodging        | 3 4 5 6 |  6.9
Staves         | |  0.8

Action                   |  1- 3 |  4- 6 |  7- 9 || total
-------------------------+-------+-------+-------++-------
Melee: Mace              |    91 |    96 |   278 ||   465
       Quarterstaff      |       |    27 |       ||    27
Throw: Stone             |       |       |     2 ||     2
Invok: Berserk           |       |     5 |     2 ||     7
       Burn Spellbooks   |       |       |     1 ||     1
  Use: Scroll            |     8 |     5 |     3 ||    16
       Potion            |     2 |     3 |     4 ||     9
 Stab: Sleeping          |       |       |     2 ||     2
  Eat: Chunk             |     1 |     3 |     5 ||     9
       Bread ration      |     1 |     2 |     2 ||     5
       Beef jerky        |       |     1 |     1 ||     2
       Fruit             |       |       |     4 ||     4
       Meat ration       |       |       |     1 ||     1
       Royal jelly       |       |       |     1 ||     1
       Pizza             |       |       |     1 ||     1
Armor: Animal skin       |    35 |    57 |   117 ||   209
       Skin              |       |       |     6 ||     6
Dodge: Dodged            |    65 |    89 |   233 ||   387
